 Dungeon Crawl Stone Soup version bcrawl-1.36.5b (webtiles) character file.

Game seed: 17064828311804697980

282128 Corvidia the Charlatan (level 10, -1/84 HPs)
             Began as a Demonspawn Venom Mage on Aug 28, 2022.
             Was a Follower of Wu Jian.
             Slain by a will-o'-wisp (9 damage)
             ... on level 8 of the Dungeon.
             The game lasted 00:50:32 (10534 turns).

Corvidia the Charlatan (Demonspawn Venom Mage)     Turns: 10534, Time: 00:50:33

Health: -1/84      AC:  6    Str:  9    XL:     10   Next: 71%
Magic:  15/15      EV: 16    Int: 18    God:    Wu Jian [*.....]
Gold:   478        SH:  0    Dex: 15    Spells: 3/13 levels left

rFire    + . .     GDR:     28%   - Fists (10.3)
rCold    . . .     SeeInvis .   (no shield)
rNeg     . . .     Gourm    .   I - +0 steam dragon scales
rPois    .         Faith    .   (helmet restricted)
rElec    .         Spirit   .   (no cloak)
rCorr    .         Reflect  .   F - +0 pair of gloves
MR       .....                  (no boots)
Stlth    ++........             (no amulet)
HPRegen  0.24/turn              g - ring of protection from fire
MPRegen  0.14/turn              (no ring)

@: no status effects
A: antennae 1, talons 2, demonic guardian 2, powered by pain 2, robust 1
a: Wall Jump, Renounce Religion


You were on level 8 of the Dungeon.
You worshipped Wu Jian.
Wu Jian was aware of your devotion.
You were hungry.

You visited 2 branches of the dungeon, and saw 9 of its levels.
You also visited: Sewer.

You collected 478 gold pieces.

Inventory:

Missiles
 y - 105 javelins
 z - 117 poisoned tomahawks (quivered)
Armour
 E - a cursed +0 plate armour
 F - a +0 pair of gloves (worn)
 I - +0 steam dragon scales (worn)
Jewellery
 g - a ring of protection from fire (left hand)
 h - the amulet of Fikech {Inacc +Inv}
   (You found it on level 1 of the Dungeon)

   [amulet of inaccuracy]

   It reduces the accuracy of all your attacks.
   It lets you turn invisible.
Wands
 f - a wand of charming (6)
 u - a wand of flame (22)
 C - a wand of clouds (4)
Scrolls
 a - a scroll of vulnerability {unknown}
 b - 5 scrolls of amnesia
 d - 4 scrolls of remove curse
 i - 3 scrolls of identify
 l - a scroll of blinking {unknown}
 n - 3 scrolls of fear
 o - 6 scrolls of teleportation
 p - 2 scrolls of immolation {unknown}
 s - 3 scrolls of magic mapping
 t - a scroll of enchant armour {unknown}
 A - a scroll of noise {unknown}
 H - a scroll of fog {unknown}
Potions
 c - a potion of berserk rage
 j - 3 potions of curing
 k - a potion of heal wounds {unknown}
 q - 2 potions of flight
 r - 2 potions of resistance
 v - 3 potions of mutation
 w - a potion of ambrosia {unknown}
 x - a potion of brilliance {unknown}
 B - a potion of agility {unknown}
Comestibles
 e - 16 rations {!d}


   Skills:
 + Level 6.3 Fighting
 + Level 3.3 Throwing
 - Level 2.0 Armour
 + Level 7.0 Dodging
 - Level 2.0 Stealth
 + Level 6.6 Unarmed Combat
 - Level 2.0 Spellcasting
 - Level 1.0 Conjurations
 - Level 7.0 Poison Magic
 + Level 7.4 Evocations


You had 3 spell levels left.
You knew the following spells:

 Your Spells              Type           Power        Failure   Level  Hunger
a - Sting                 Conj/Pois      ###.         3%          1    None
b - Poisonous Vapours     Pois/Air       ##....       6%          2    ##.....
c - Ignite Poison         Fire/Tmut/Pois ##......     22%         3    ####...
d - Olgreb's Toxic Radia  Pois           ####.....    10%         4    ######.

Your spell library contained the following spells:

 Spells                   Type           Power        Failure   Level  Hunger
 Necrotize                Necr           #.....       19%         1    None
 Vampiric Draining        Necr           #.........   47%         3    ####...
 Summon Scorpions         Summ/Pois      ##......     38%         4    ######.
 Venom Bolt               Conj/Pois      ###.......   67%         5    #######
 Agony                    Necr           #.......     87%         4    ######.
 Animate Dead             Necr           N/A          87%         4    ######.
 Dispel Undead            Necr           #.......     99%         5    #######


Dungeon Overview and Level Annotations

Branches:
Dungeon (8/12)             Temple (1/1) D:6            Lair (0/6) D:8
    Orc: D:8-11

Altars:
Ashenzari
Cheibriados
Dithmenos
Fedhas
Gozag
Hepliaklqana
Kikubaaqudgha
Lugonu
Makhleb
Nemelex Xobeh
Okawaru
Qazlal
Ru
Sif Muna
Trog
Uskayaw
Vehumet
Wu Jian
Xom
Yredelemnul

Shops:
D:4 :

Annotations:
D:7 1 runed door


Innate Abilities, Weirdness & Mutations

You have a pair of small antennae on your head.
You have razor-sharp toenails.
A demonic guardian rushes to your aid.
You sometimes gain power by taking damage.
You are robust. (+10% HP)


Message History

You see here a sky beast corpse.
You lunge at the will-o'-wisp.
You hit the will-o'-wisp. Your kick misses the will-o'-wisp.
The will-o'-wisp is moderately damaged.
The will-o'-wisp hits you! The will-o'-wisp shocks you!
The will-o'-wisp hits you! The will-o'-wisp shocks you!
The will-o'-wisp hits you.
* * * LOW HITPOINT WARNING * * *
The will-o'-wisp shocks you!
* * * LOW HITPOINT WARNING * * *
Your sixfirhy barely misses the will-o'-wisp.
You see here a sky beast corpse.
Okay, then.
Okay, then.
Okay, then.
Your sixfirhy closely misses the will-o'-wisp. x2
Your sixfirhy misses the will-o'-wisp. The will-o'-wisp hits you.
* * * LOW HITPOINT WARNING * * *
The will-o'-wisp shocks you!
You die...

#.............................##.
...........).###.................
#.............##.÷÷..............
.....#.#.....####................
#....#.........##...##..........#
##..#...........#....##.Y........
##............P..#...............
##........>.........#...# ≈v≈§#.
.....P......P..@v..#..#Y≈ ≈≈≈§§:
...#........P..#.3....§≈≈ .$$≈≈§
..##.........##...#..≈≈. ##≈.≈≈
###.....######## .≈≈. ###.≈
##..#... ≈≈≈ #.≈ ##...... Y≈ .≈≈
.......# § ##..#### .#


You could see a will-o'-wisp and a friendly sixfirhy.

Vanquished Creatures
  Pikel (D:7)
  An ugly thing (D:6)
  A troll (D:8)
  Prince Ribbit (D:8)
  Sigmund (D:3)
  A spriggan (D:8)
  4 yaks
  A steam dragon (D:8)
  A crocodile (D:8)
  2 ice beasts (D:7)
  A sky beast (D:3)
  5 ogres
  A phantom (D:8)
  A bullfrog (D:8)
  7 kobold brigands
  Dowan (D:4)
  2 centaurs
  2 scorpions
  2 howler monkeys
  3 orc priests
  3 crimson imps
  A bullfrog skeleton (D:4)
  4 hounds
  4 orc wizards
  2 iguanas (D:6)
  4 worker ants
  A killer bee zombie (D:5)
  2 worker ant zombies
  A gnoll (D:5)
  4 river rats
  10 adders
  4 shadow imps
  6 oozes
  An adder zombie (D:4)
  An adder skeleton (D:5)
  2 worms
  2 dart slugs (D:1)
  7 leopard geckos
  24 orcs
  6 giant cockroaches
  7 goblins
  11 hobgoblins
  11 jackals
  6 quokkas
  5 ball pythons
  6 bats
  8 frilled lizards
  A jackal skeleton (D:3)
  21 kobolds
  A quokka skeleton (D:5)
  10 rats
215 creatures vanquished.

Vanquished Creatures (collateral kills)
  A hippogriff (D:8)
  4 yaks
  A basilisk (D:8)
  A crocodile (D:8)
  Duvessa (D:4)
  A slave (D:7)
  2 sky beasts
  2 ogres
  A killer bee zombie (D:8)
  2 adder zombies
  2 frilled lizards (D:6)
  A kobold (D:6)
  A rat (Sewer)
20 creatures vanquished.

Vanquished Creatures (others)
  A hound (D:7)
  3 plants (D:6)
4 creatures vanquished.

Grand Total: 239 creatures vanquished

Notes
Turn   | Place    | Note
-------+----------+-------------------------------------------
     0 | D:1      | Corvidia the Demonspawn Venom Mage began the quest for the
                  | Orb.
     0 | D:1      | Reached XP level 1. HP: 13/13 MP: 3/3
   252 | D:2      | Gained mutation: You have sharp toenails. [demonic
                  | ancestry]
   252 | D:2      | Reached XP level 2. HP: 19/19 MP: 0/5
   609 | D:1      | Got an ancient pewter amulet
   614 | D:1      | Identified the amulet of Fikech {Inacc +Inv} (You found it
                  | on level 1 of the Dungeon)
   746 | D:1      | Gained mutation: You have razor-sharp toenails. [demonic
                  | ancestry]
   746 | D:1      | Reached XP level 3. HP: 23/25 MP: 6/6
   917 | D:1      | Learned a level 2 spell: Poisonous Vapours
   925 | D:1      | Learned a level 3 spell: Ignite Poison
  1444 | D:2      | Found a hazy altar of Hepliaklqana.
  1516 | D:2      | Reached skill level 1 in Fighting
  1978 | D:3      | Reached skill level 1 in Unarmed Combat
  2071 | D:3      | Gained mutation: You sometimes gain a little power by
                  | taking damage. [demonic ancestry]
  2071 | D:3      | Reached XP level 4. HP: 32/32 MP: 7/7
  2081 | D:3      | Reached skill level 1 in Armour
  2196 | D:3      | Reached skill level 1 in Evocations
  2286 | D:3      | Noticed Sigmund
  2301 | D:3      | Killed Sigmund
  2302 | D:3      | Reached XP level 5. HP: 38/38 MP: 2/8
  2413 | D:3      | Found a glowing drain.
  2424 | D:3      | Gained mutation: You sometimes gain power by taking damage.
                  | [demonic ancestry]
  2424 | D:3      | Reached XP level 6. HP: 40/44 MP: 9/9
  2445 | Sewer    | Entered a sewer
  3321 | Sewer    | Gained mutation: A weak demonic guardian rushes to your
                  | aid. [demonic ancestry]
  3321 | Sewer    | Reached XP level 7. HP: 51/51 MP: 2/10
  4313 | D:3      | Reached skill level 5 in Poison Magic
  4895 | D:4      | Noticed Dowan
  4897 | D:4      | Noticed Duvessa
  4920 | D:4      | Killed Duvessa
  4922 | D:4      | Killed Dowan
  5078 | D:4      | Reached XP level 8. HP: 58/58 MP: 3/11
  5874 | D:4      | Found Haluqoz's Book Shop.
  5949 | D:5      | Entered Level 5 of the Dungeon
  6149 | D:5      | Learned a level 4 spell: Olgreb's Toxic Radiance
  6432 | D:5      | Found a snail-covered altar of Cheibriados.
  6613 | D:6      | Noticed a white ugly thing
  6650 | D:5      | Reached skill level 5 in Dodging
  6852 | D:6      | Reached skill level 5 in Evocations
  6852 | D:6      | Gained mutation: You have a pair of small antennae on your
                  | head. [demonic ancestry]
  6852 | D:6      | Reached XP level 9. HP: 36/65 MP: 1/12
  7059 | D:6      | Reached skill level 5 in Unarmed Combat
  7465 | D:6      | Found a staircase to the Ecumenical Temple.
  7506 | Temple   | Entered the Ecumenical Temple
  8031 | Temple   | Became a worshipper of the Wu Jian Council
  8358 | D:6      | Killed a white ugly thing
  8359 | D:6      | Reached skill level 5 in Fighting
  8947 | D:7      | Noticed Pikel
  8951 | D:7      | Killed Pikel
  8952 | D:7      | Reached skill level 1 in Throwing
  9041 | D:7      | Gained mutation: A demonic guardian rushes to your aid.
                  | [demonic ancestry]
  9041 | D:7      | Reached XP level 10. HP: 74/74 MP: 14/14
  9082 | D:7      | Noticed a sixfirhy
  9083 | D:7      | Found a runed door.
  9171 | D:7      | Gained mutation: You have supernaturally acute eyesight.
                  | (SInv) [potion of mutation]
  9171 | D:7      | Lost mutation: You have supernaturally acute eyesight.
                  | (SInv) [potion of mutation]
  9171 | D:7      | Gained mutation: You are robust. (+10% HP) [potion of
                  | mutation]
  9787 | D:8      | Reached * piety under Wu Jian
  9993 | D:8      | Noticed a will-o'-wisp
 10270 | D:8      | Noticed Prince Ribbit
 10276 | D:8      | Killed Prince Ribbit
 10506 | D:8      | Found a staircase to the Lair.
 10534 | D:8      | Slain by a will-o'-wisp

Skill      XL: |  1  2  3  4  5  6  7  8  9 10 |
---------------+-------------------------------+-----
Dodging        | 2 3 4 5 6 7 |  7.0
Fighting       | 1 2 3 5 6 |  6.3
Unarmed Combat | 1 2 3 4 5 6 |  6.6
Armour         | 1 2 |  2.0
Evocations     | 1 2 3 5 6 7 |  7.4
Poison Magic   | 4 5 6 7 |  7.0
Throwing       | 1 3 |  3.3
Stealth        | |  2.0
Spellcasting   | |  2.0
Conjurations   | |  1.0

Action                   |  1- 3 |  4- 6 |  7- 9 | 10-12 || total
-------------------------+-------+-------+-------+-------++-------
Melee: Dagger            |    84 |    80 |   218 |       ||   382
       Unarmed           |    12 |       |    72 |    71 ||   155
       Kick              |    15 |    10 |    57 |    11 ||    93
       Punch             |     1 |     1 |     3 |       ||     5
 Cast: Sting             |    27 |     1 |       |       ||    28
       Poisonous Vapours |     1 |    30 |    64 |    31 ||   126
       Ignite Poison     |       |     2 |     9 |     7 ||    18
       Olgreb's Toxic Ra |       |       |     3 |     6 ||     9
Invok: Whirlwind         |       |       |    40 |    28 ||    68
       Lunge             |       |       |     2 |     1 ||     3
Evoke: Wand              |       |       |     3 |     1 ||     4
  Use: Scroll            |     2 |       |     1 |     8 ||    11
       Potion            |     1 |     2 |       |     1 ||     4
 Stab: Sleeping          |     4 |       |     3 |     1 ||     8
  Eat: Chunk             |     7 |     6 |    33 |    11 ||    57
       Ration            |       |     1 |     1 |       ||     2
Armor: Robe              |    21 |    10 |    40 |     2 ||    73
       Steam dragon scal |       |       |       |    18 ||    18
Dodge: Dodged            |    54 |    40 |   246 |    53 ||   393
